 Dungeon Crawl Stone Soup version 0.24.1-4-ge52af88ad5 (webtiles) character file.

Game seed: 2968822637358038976, levelgen mode: deterministic

104 Curus the Slasher (level 4, -1/35 HPs)
             Began as a Demonspawn Berserker on Apr 20, 2020.
             Was a Believer of Trog.
             Slain by a gnoll
             ... wielding a +0 vampiric spear
              (2 damage)
             ... on level 3 of the Dungeon.
             The game lasted 00:14:36 (3192 turns).

Curus the Slasher (Demonspawn Berserker)            Turns: 3192, Time: 00:14:36

Health: -1/35      AC:  3    Str: 17    XL:     4   Next: 52%
Magic:  13/13      EV: 12    Int:  6    God:    Trog [**....]
Gold:   117        SH:  0    Dex: 14    Spells: 3/3 levels left

rFire    . . .     SeeInvis .   a - +2 falchion
rCold    . . .     Gourm    .   (no shield)
rNeg     . . .     Faith    .   d - +0 leather armour
rPois    .         Spirit   .   (helmet restricted)
rElec    .         Reflect  .   (no cloak)
rCorr    .         Harm     .   (no gloves)
MR       +....                  (no boots)
Stlth    +.........             (no amulet)
HPRegen  0.11/turn              h - ring of magical power
MPRegen  0.13/turn              (no ring)

@: no status effects
A: antennae 1, dopey 1, magic resistance 1, powered by death 1, subdued magic 1
a: Berserk, Trog's Hand, Renounce Religion


You were on level 3 of the Dungeon.
You worshipped Trog.
Trog was pleased with you.
You were not hungry.

You visited 1 branch of the dungeon, and saw 3 of its levels.

You collected 117 gold pieces.

Inventory:

Hand Weapons
 a - a +2 falchion (weapon)
Armour
 b - a +0 animal skin
 d - a +0 leather armour (worn)
Jewellery
 h - a ring of magical power (left hand)
Scrolls
 g - a scroll of remove curse
Potions
 e - 2 potions of flight
Comestibles
 c - 3 rations
 f - 2 chunks of flesh


   Skills:
 - Level 3.0 Fighting
 + Level 4.9 Long Blades
 - Level 1.7 Armour
 - Level 1.7 Dodging


You had 3 spell levels left.
You didn't know any spells.
Your spell library was empty.

Dungeon Overview and Level Annotations

Branches:
Dungeon (3/15)

Altars:


Innate Abilities, Weirdness & Mutations

You have a pair of small antennae on your head.
You regenerate a little health from kills.
You are dopey. (Int -2)
You are resistant to hostile enchantments. (MR+)
Your spells are a little easier to cast, but a little less powerful.


Message History

You slide downwards.
The hatch slams shut behind you.
The gnoll shouts! x2
The gnoll hits you but does no damage. The gnoll misses you.
You hear a shout! x2
Found a dagger.
You hit the gnoll.
The gnoll is lightly wounded.
The gnoll hits you from afar with a +0 vampiric spear.
The gnoll completely misses you. The gnoll hits you but does no damage.
You hit the gnoll.
The gnoll is lightly wounded.
The gnoll barely misses you. x2
The gnoll hits you from afar with a +0 spear.
The gnoll hits you with a +0 long sword!
* * * LOW HITPOINT WARNING * * *
The gnoll hits you from afar with a +0 vampiric spear.
* * * LOW HITPOINT WARNING * * *
The gnoll barely misses you.
The gnoll hits you with a +0 vampiric spear.
You die...

### ..##### .###
#.#<..##
.....###......##
#)..#g......#
#.@.gg....#
###.......#
##......#
.g.....!.
........##
##.........
##.....##.
##...## ####


You could see 4 gnolls.

Vanquished Creatures
  3 adders (D:3)
  2 worms (D:2)
  3 dart slugs
  A leopard gecko (D:3)
  2 orcs (D:3)
  A ball python (D:2)
  2 giant cockroaches
  12 goblins
  7 hobgoblins
  4 jackals (D:1)
  8 kobolds
  3 bats
  4 frilled lizards
  9 rats
61 creatures vanquished.

Notes
Turn   | Place    | Note
-------+----------+-------------------------------------------
     0 | D:1      | Curus the Demonspawn Berserker began the quest for the Orb.
     0 | D:1      | Reached XP level 1. HP: 18/18 MP: 1/1
    31 | D:1      | Gained mutation: You are dopey. (Int -2) [potion of
                  | mutation]
    31 | D:1      | Gained mutation: Your spells are a little easier to cast,
                  | but a little less powerful. [potion of mutation]
    31 | D:1      | Gained mutation: You are resistant to hostile enchantments.
                  | (MR+) [potion of mutation]
   128 | D:1      | Reached skill level 3 in Long Blades
   379 | D:1      | Gained mutation: You have a pair of small antennae on your
                  | head. [demonic ancestry]
   379 | D:1      | Reached XP level 2. HP: 24/24 MP: 2/2
  1050 | D:1      | Reached XP level 3. HP: 25/29 MP: 3/3
  1062 | D:1      | Reached ** piety under Trog
  1074 | D:1      | Reached skill level 4 in Long Blades
  2843 | D:3      | Gained mutation: You regenerate a little health from kills.
                  | [demonic ancestry]
  2843 | D:3      | Reached XP level 4. HP: 15/35 MP: 4/4
  3191 | D:3      | HP: 1/35 [gnoll/+0 vampiric spear (5)]
  3192 | D:3      | Slain by a gnoll

Levels and vault maps discovered:
D:1:      dpeg_arrival_snail, layout_basic
D:2:      layout_loops_ring, first_ration, hangedman_decor_growths
D:3:      cheibrodos_thug_alley, layout_rooms

Skill      XL: |  1  2  3 |
---------------+----------+-----
Long Blades    | 3 4 |  4.9
Fighting       | |  3.0
Armour         | |  1.7
Dodging        | |  1.7

Action                   |  1- 3 |  4- 6 || total
-------------------------+-------+-------++-------
Melee: Falchion          |   158 |    22 ||   180
Invok: Berserk           |       |     1 ||     1
  Use: Potion            |     4 |       ||     4
       Scroll            |     4 |     1 ||     5
  Eat: Chunk             |     5 |     1 ||     6
       Ration            |       |     1 ||     1
Armor: Animal skin       |    16 |       ||    16
       Leather armour    |    13 |     4 ||    17
Dodge: Dodged            |   127 |    26 ||   153
       Rpst.: Falchion   |    28 |     8 ||    36
